 Dungeon Crawl Stone Soup version 0.15.2 (webtiles) character file.

202 Huymann the Magician (level 5, -8/29 HPs)
             Began as a Deep Elf Fire Elementalist on Feb 6, 2015.
             Mangled by Heini's ghost (14 damage)
             ... on Level 4 of the Dungeon.
             The game lasted 00:26:55 (3651 turns).

Huymann the Magician (Deep Elf Fire Elementalist)   Turns: 3651, Time: 00:26:55

HP  -8/29        AC  3     Str  6      XL: 5   Next: 50%
MP  15/18        EV 14     Int 20      God:
Gold 150         SH  0     Dex 15      Spells:  5 memorised,  2 levels left

rFire  . . .     SeeInvis .     o - +3 dagger
rCold  . . .     Clarity  .     a - +0 robe
rNeg   . . .     rCorr    .     (no shield)
rPois  .         rRot     .     (no helmet)
rElec  .         Spirit   .     (no cloak)
SustAb .         Warding  .     (no gloves)
rMut   .         Stasis   .     E - +0 pair of boots
Gourm  .                        (no amulet)
MR     .....                    (no ring)
                                (no ring)

@: not resistant to hostile enchantments, unstealthy
A: no striking features
a: no special abilities


You were on level 4 of the Dungeon.
You were not hungry.

You visited 1 branch of the dungeon, and saw 4 of its levels.

You collected 150 gold pieces.

Inventory:

Hand weapons
 i - a +0 blowgun
 l - a +0 short sword
 o - a +3 dagger (weapon)
Missiles
 e - 13 poisoned needles
Armour
 a - a +0 robe (worn)
 f - a +0 helmet
 u - a +0 shield
 E - a +0 pair of boots (worn)
 H - a +0 robe
Magical devices
 x - a wand of slowing (13)
Comestibles
 c - 3 bread rations
 r - 2 slices of pizza
 v - a chunk of goblin flesh
 w - a beef jerky
 z - a meat ration
 A - a chunk of goblin flesh
Scrolls
 j - 3 scrolls of identify
 k - a scroll of teleportation {unknown}
 n - 3 scrolls of enchant armour {unknown}
 s - a scroll of immolation {unknown}
 t - a scroll of fog {unknown}
 y - a scroll of remove curse
 D - a scroll of magic mapping {unknown}
Potions
 d - a potion of heal wounds {unknown}
 g - a potion of invisibility {unknown}
 h - a potion of brilliance {unknown}
 m - a potion of agility {unknown}
 p - 3 potions of haste
 q - 2 potions of poison {unknown}
 B - a potion of restore abilities {unknown}
Books
 b - a book of Flames

   Spells                             Type                      Level
   *Flame Tongue                      Conjuration/Fire             1
   *Throw Flame                       Conjuration/Fire             2
   *Conjure Flame                     Conjuration/Fire             3
   *Inner Flame                       Hexes/Fire                   3
   Sticky Flame                       Conjuration/Fire             4
   Fireball                           Conjuration/Fire             5
 G - a book of Conjurations

   Spells                             Type                      Level
   *Magic Dart                        Conjuration                  1
   Searing Ray                        Conjuration                  2
   Dazzling Spray                     Conjuration/Hexes            3
   Fulminant Prism                    Conjuration/Hexes            4
   Iskenderun's Mystic Blast          Conjuration                  4
   Iskenderun's Battlesphere          Conjuration/Charms           5


   Skills:
 * Level 1.2 Fighting
 + Level 0.6 Short Blades
 * Level 3.6 Dodging
 * Level 3.5 Stealth
 * Level 4.2 Spellcasting
 * Level 2.1 Conjurations
 * Level 1.3 Hexes
 + Level 4.1 Fire Magic


You had 2 spell levels left.
You knew the following spells:

 Your Spells              Type           Power        Failure   Level  Hunger
a - Flame Tongue          Conj/Fire      ###..        3%          1    None
b - Throw Flame           Conj/Fire      ###...       6%          2    #......
c - Conjure Flame         Conj/Fire      ###.....     12%         3    ###....
d - Inner Flame           Hex/Fire       ###.....     14%         3    ###....
e - Magic Dart            Conj           ##..         6%          1    None


Dungeon Overview and Level Annotations

Branches:
Dungeon (4/15)
 Temple: D:4-7

Altars:
Cheibriados

Annotations:
D:4 Heini's ghost, experienced MiFi


Message History

Heini's ghost turns its malevolent gaze towards you.
Heini's ghost is too close now for your liking.
Casting: Conjure Flame
Confirm with . or Enter, or press ? or * to list all spells.
Aiming: Conjure Flame
Press: ? - help, Dir - move target cursor The fire roars!
Wear which item? (? for menu, Esc to quit)
Heini's ghost is engulfed in roaring flames.
Heini's ghost shouts, "You will never get the ORB!"
Heini's ghost hits you!!
Keep equipping yourself? [Y]es or [N]o only, please.
Keep equipping yourself?
Ouch! That really hurt!
* * * LOW HITPOINT WARNING * * *
You start putting on your armour.
You continue putting on your +0 shield.
Heini's ghost is engulfed in roaring flames.
Heini's ghost hits you!
You die...

# #..#
#########
.)...
.........#
...# #W# #..#
#@# #.# #.#
#.# #.# #.#
#.#
###########.#
#...........#


You could see Heini's ghost.

Vanquished Creatures
  2 orc priests (D:3)
  7 adders
  2 worms
  3 orcs
  3 ball pythons
  8 hobgoblins
  11 kobolds
  2 quokkas (D:2)
  4 bats
  5 giant cockroaches
  7 giant newts
  11 goblins
  3 jackals (D:4)
  8 rats
76 creatures vanquished.

Notes
Turn   | Place    | Note
--------------------------------------------------------------
     0 | D:1      | Huymann, the Deep Elf Fire Elementalist, began the quest for the Orb.
     0 | D:1      | Reached XP level 1. HP: 10/10 MP: 5/5
   351 | D:1      | Reached XP level 2. HP: 15/15 MP: 1/8
  1030 | D:2      | Reached XP level 3. HP: 13/19 MP: 5/11
  1089 | D:2      | Learned a level 2 spell: Throw Flame
  1093 | D:2      | Learned a level 3 spell: Conjure Flame
  1557 | D:2      | Learned a level 3 spell: Inner Flame
  1629 | D:2      | Reached XP level 4. HP: 21/24 MP: 2/14
  1988 | D:2      | Found a snail-covered altar of Cheibriados.
  2268 | D:3      | Reached skill level 4 in Fire Magic
  2436 | D:3      | Reached skill level 1 in Fighting
  2436 | D:3      | Reached skill level 1 in Hexes
  2436 | D:3      | Reached XP level 5. HP: 27/29 MP: 6/17
  2656 | D:3      | Learned a level 1 spell: Magic Dart
  3322 | D:4      | Noticed Heini's ghost (experienced MiFi)
  3398 | D:4      | Noticed a two-headed ogre
  3651 | D:4      | Mangled by Heini's ghost

Action                   |  1- 3 |  4- 6 || total
-------------------------+-------+-------++-------
Melee: Dagger            |    25 |    58 ||    83
 Cast: Flame Tongue      |    51 |    28 ||    79
       Conjure Flame     |     3 |     8 ||    11
       Inner Flame       |     1 |     7 ||     8
       Throw Flame       |     1 |       ||     1
       Magic Dart        |       |    10 ||    10
  Use: Scroll            |     4 |       ||     4
 Stab: Sleeping          |     2 |     2 ||     4
  Eat: Chunk             |     2 |     8 ||    10
